 Dungeon Crawl Stone Soup version 0.26-a0-30-g56b8cd3df0 (webtiles) character file.

Game seed: 11494412436481360241, levelgen mode: deterministic

41605 Apogee the Slicer (level 14, -11/95 HPs)
             Began as a Halfling Hunter on June 2, 2020.
             Was a High Priest of Okawaru.
             Mangled by a dire elephant (27 damage)
             ... on level 6 of the Lair of Beasts.
             The game lasted 01:32:48 (26018 turns).

Apogee the Slicer (Halfling Hunter)                Turns: 26018, Time: 01:32:49

Health: -11/95     AC: 16    Str: 13    XL:     14   Next: 51%
Magic:  0/17       EV: 37    Int: 12    God:    Okawaru [*****.]
Gold:   1167       SH:  0    Dex: 26    Spells: 13/13 levels left

rFire    . . .     SeeInvis .   a - +0 rapier of Kuolamal {elec, rF- Int+3}
rCold    x . .     Gourm    .   (shield restricted)
rNeg     + + +     Faith    .   N - +1 steam dragon scales
rPois    .         Spirit   +   Q - +0 helmet of Cyzeigah {rF+ rC- rN+++ Regen+}
rElec    .         Reflect  .   Y - +0 cloak
rCorr    .         Harm     .   A - +2 pair of gloves
MR       +....                  (no boots)
Stlth    ++++......             w - amulet of guardian spirit
HPRegen  0.65/turn              q - +4 ring of evasion
MPRegen  0.15/turn              y - +6 ring of dexterity

@: heroism, finesse, very slow
A: small, blink, mutation resistance 1
a: Blink, Heroism, Finesse, Renounce Religion


You were on level 6 of the Lair of Beasts.
You worshipped Okawaru.
Okawaru was extremely pleased with you.
You were not hungry.

You visited 3 branches of the dungeon, and saw 18 of its levels.

You collected 1167 gold pieces.

Inventory:

Hand Weapons
 a - the +0 rapier of Kuolamal (weapon) {elec, rF- Int+3}
   (You found it on level 7 of the Dungeon)

   Occasionally, upon striking a foe, it will discharge some electrical energy
   and cause terrible harm.
   It affects your intelligence (+3).
   It makes you vulnerable to fire.
 b - a +1 fustibalus
 V - a +1 dagger of venom
Missiles
 g - 271 sling bullets
 j - 607 stones (quivered)
 r - 2 curare-tipped darts
Armour
 A - a +2 pair of gloves (worn)
 D - the +2 scale mail of Tanuts {*Slow rElec rF+++ rC+++}
   (You found it on level 4 of the Dungeon)

   It renders you almost immune to fire.
   It renders you almost immune to cold.
   It insulates you from electricity.
   It may slow you when you take damage.
 N - +1 steam dragon scales (worn)
 Q - the +0 helmet of Cyzeigah (worn) {rF+ rC- rN+++ Regen+}
   (Okawaru gifted it to you on level 5 of the Lair of Beasts)

   It protects you from fire.
   It makes you vulnerable to cold.
   It renders you almost immune to negative energy.
   It increases your rate of regeneration.
 T - a +0 helmet
 Y - a +0 cloak (worn)
Jewellery
 d - an uncursed amulet of reflection
 h - an uncursed ring of protection from cold {unknown}
 n - an uncursed ring of positive energy
 q - a +4 ring of evasion (left hand)
 w - an amulet of guardian spirit (around neck)
 x - an uncursed amulet of guardian spirit
 y - a +6 ring of dexterity (right hand)
 z - a +4 ring of evasion
 K - an uncursed ring of protection from fire
 L - an uncursed ring of poison resistance
Wands
 C - a wand of iceblast (7)
 F - a wand of flame (6)
 G - a wand of polymorph (13)
 I - a wand of random effects (14)
 O - a wand of digging (3)
 R - a wand of clouds (6)
Scrolls
 e - 8 scrolls of teleportation
 l - 12 scrolls of identify
 v - 5 scrolls of remove curse
 J - 4 scrolls of summoning
 P - 2 scrolls of blinking
 S - 2 scrolls of amnesia
Potions
 c - a potion of brilliance
 i - 4 potions of flight
 k - a potion of berserk rage
 m - 12 potions of curing
 p - a potion of haste
 s - a potion of might {unknown}
 t - a potion of invisibility
 u - a potion of lignification
Comestibles
 f - 41 rations


   Skills:
 + Level 8.4(13.4) Fighting
 - Level 14.0(19.0) Short Blades
 - Level 14.0(19.0) Slings
 - Level 10.0(15.0) Armour
 - Level 11.7(16.7) Dodging
 - Level 10.0(15.0) Stealth
 + Level 4.4 Invocations


You had 13 spell levels left.
You didn't know any spells.
Your spell library contained the following spells:

 Spells                   Type           Power        Failure   Level  Hunger
 Magic Dart               Conj           #...         32%         1    ##.....
 Sandblast                Erth           #.....       32%         1    ##.....
 Blink                    Tloc           N/A          45%         2    ###....
 Call Imp                 Summ           #.......     45%         2    ###....
 Passwall                 Tmut/Erth      #.......     45%         2    ###....
 Slow                     Hex            #.......     45%         2    ###....
 Conjure Flame            Conj/Fire      #.......     69%         3    ####...
 Mephitic Cloud           Conj/Pois/Air  #.......     69%         3    ####...
 Stone Arrow              Conj/Erth      #.....       69%         3    ####...
 Petrify                  Tmut/Erth      #.......     97%         4    #####..
 Irradiate                Conj/Tmut      #.........   100%        5    ######.
 Lee's Rapid Deconstruct  Erth           #.........   100%        5    ######.
 Hydra Form               Tmut           #.........   100%        6    #######
 Statue Form              Tmut/Erth      #........    100%        6    #######
 Dragon Form              Tmut           #.........   100%        7    #######


Dungeon Overview and Level Annotations

Branches:
Dungeon (11/15)            Temple (1/1) D:6            Lair (6/6) D:10
 Shoals (0/4) Lair:2       Spider (0/4) Lair:3        Slime (0/5) Lair:5
    Orc (0/2) D:10

Altars:
Ashenzari
Dithmenos
Gozag
Hepliaklqana
Kikubaaqudgha
Makhleb
Nemelex Xobeh
Okawaru
Sif Muna
Trog
Uskayaw
Vehumet
Wu Jian
Yredelemnul
Jiyva

Annotations:
D:10 3 runed translucent doors, 5 exclusions, p0werm0de's ghost, journeyman OpFi
Lair:3 exclusions: downstairs, 2 oklob plants and 5 more exclusions
Lair:4 exclusion: door


Innate Abilities, Weirdness & Mutations

You are small and have problems with some larger weapons.
You are somewhat resistant to further mutation.
You can translocate small distances at will.


Message History

The dire elephant is moderately wounded.
The dire elephant tramples you!
* * * LOW HITPOINT WARNING * * *
You stumble backwards!
You hit the dire elephant.
The dire elephant is moderately wounded.
You hit the dire elephant but do no damage.
Lightning courses through the dire elephant!
The dire elephant is moderately wounded.
You hit the dire elephant.
The dire elephant is moderately wounded.
You hit the dire elephant but do no damage.
The dire elephant is moderately wounded.
The dire elephant tramples you!
* * * LOW HITPOINT WARNING * * *
You stumble backwards!
You enter the shallow water.
Moving in this stuff is going to be slow.
The dire elephant tramples you!!
You die...

##♣♣.......♣########'''########♣.
#####♣....###.................###
P..)##♣♣♣##...#####8.⌠.8#####P.P#
....# ####.###≈.###8.8###..###.#
..P.####....#≈≈≈≈.#######.....#..
###'#....####.≈≈≈≈#...)##.....###
#.#.####P8#.≈≈≈≈'...?)#.....#..
#...#...†.'..≈≈≈'...$}#.....'..
#8.8#....8##.Y@##...[###...##..
###'##''######### #### ########
##....#..# ........## ........#
#.#.##.## ########


You could see a dire elephant.

Vanquished Creatures
  2 dire elephants (Lair:6)
  2 hydras
  A catoblepas (Lair:5)
  5 death yaks (Lair:5)
  An anaconda (Lair:6)
  2 two-headed ogres
  A necromancer (Lair:4)
  A merfolk siren (Lair:2)
  4 elephants (Lair:6)
  8 black mambas
  A torpor snail (Lair:6)
  2 gargoyles
  8 spiny frogs
  2 centaur skeletons (D:10)
  Maggie (D:7)
  A rime drake (Lair:3)
  6 komodo dragons
  A polar bear (Lair:5)
  4 blink frogs (Lair:1)
  10 hippogriffs
  3 wyverns
  A redback (Lair:3)
  43 yaks
  3 hogs (D:7)
  Grum (D:8)
  A human (D:7)
  A basilisk (D:10)
  2 hungry ghosts
  5 water moccasins
  13 porcupines
  3 sky beasts
  5 black bears (D:10)
  5 ice beasts
  A phantom (D:7)
  4 orc warriors
  34 wolves
  5 ogres
  A centaur (D:9)
  17 crocodiles
  A big kobold (D:9)
  16 bullfrogs
  3 scorpions
  10 killer bees (D:9)
  8 wights
  4 electric eels (D:9)
  A bullfrog zombie (D:5)
  8 howler monkeys
  4 crimson imps
  A centaur zombie (D:9)
  A jelly (D:7)
  4 orc priests
  4 hounds
  10 orc wizards
  2 bullfrog skeletons
  Jessica (D:3)
  An iguana (D:6)
  7 worker ants
  2 polar bear simulacra (Lair:4)
  A killer bee zombie (D:9)
  A hound zombie (D:5)
  2 hound skeletons
  2 worker ant zombies
  4 gnolls
  18 adders
  2 shadow imps (D:6)
  An ooze (D:2)
  3 adder skeletons
  3 worms
  2 dart slugs
  8 leopard geckos
  31 orcs
  3 giant cockroaches
  12 goblins
  6 hobgoblins
  13 jackals
  7 kobolds
  5 quokkas
  8 bats
  9 frilled lizards
  A quokka skeleton (D:6)
  3 rats
  6 plants
450 creatures vanquished.

Vanquished Creatures (others)
  3 fungi
  6 plants
9 creatures vanquished.

Grand Total: 459 creatures vanquished

Notes
Turn   | Place    | Note
-------+----------+-------------------------------------------
     0 | D:1      | Apogee the Halfling Hunter began the quest for the Orb.
     0 | D:1      | Reached XP level 1. HP: 14/14 MP: 1/1
   130 | D:1      | Reached XP level 2. HP: 19/19 MP: 2/2
   518 | D:1      | Reached skill level 1 in Short Blades
   537 | D:1      | Reached XP level 3. HP: 23/24 MP: 3/3
   989 | D:2      | You fall into a shaft and drop 2 floors!
  1026 | D:3      | Noticed an ice beast
  1079 | D:3      | Reached XP level 4. HP: 26/29 MP: 4/4
  1339 | D:3      | Killed an ice beast
  1339 | D:3      | Reached XP level 5. HP: 34/34 MP: 5/5
  1361 | D:3      | Noticed Jessica
  1364 | D:3      | Killed Jessica
  1403 | D:3      | Reached XP level 6. HP: 39/39 MP: 6/6
  1873 | D:3      | Found a shimmering blue altar of Sif Muna.
  1895 | D:3      | Reached skill level 5 in Stealth
  2331 | D:2      | Reached skill level 5 in Short Blades
  2770 | D:2      | Found a burning altar of Makhleb.
  3064 | D:2      | Reached XP level 7. HP: 44/44 MP: 7/7
  4857 | D:4      | Got a fine scale mail
  4887 | D:4      | Identified the +2 scale mail of Tanuts {*Slow rElec rF+++
                  | rC+++} (You found it on level 4 of the Dungeon)
  4913 | D:5      | Entered Level 5 of the Dungeon
  4994 | D:5      | Paralysed by a crimson imp for 7 turns
  5026 | D:5      | Paralysed by a crimson imp for 2 turns
  5066 | D:5      | Reached XP level 8. HP: 37/50 MP: 8/8
  6214 | D:5      | Reached skill level 5 in Dodging
  7011 | D:6      | Reached XP level 9. HP: 19/58 MP: 9/9
  7484 | D:6      | Found a staircase to the Ecumenical Temple.
  7794 | Temple   | Entered the Ecumenical Temple
  7813 | Temple   | Became a worshipper of Warmaster Okawaru
  7890 | D:6      | Found a radiant altar of Vehumet.
  8446 | D:7      | Noticed Maggie
  9019 | D:7      | Killed Maggie
  9019 | D:7      | Reached * piety under Okawaru
  9019 | D:7      | Reached skill level 5 in Fighting
  9392 | D:7      | Got a faintly glowing rapier
  9414 | D:7      | Reached skill level 10 in Slings
  9840 | D:7      | Reached ** piety under Okawaru
  9860 | D:7      | Reached XP level 10. HP: 29/68 MP: 10/10
  9899 | D:7      | HP: 3/68 [yak (13)]
 10426 | D:8      | Noticed a two-headed ogre
 10928 | D:7      | Reached *** piety under Okawaru
 11652 | D:8      | Identified the cursed +0 rapier of Kuolamal {elec, rF-
                  | Int+3} (You found it on level 7 of the Dungeon)
 11654 | D:8      | Received a gift from Okawaru
 11890 | D:8      | Killed a two-headed ogre
 11890 | D:8      | Reached skill level 10 in Dodging
 12100 | D:8      | Noticed Grum
 12129 | D:8      | Killed Grum
 12129 | D:8      | Reached **** piety under Okawaru
 12464 | D:9      | Noticed a two-headed ogre
 12528 | D:9      | Noticed a gargoyle
 13109 | D:8      | Reached XP level 11. HP: 50/72 MP: 11/11
 13732 | D:9      | Received a gift from Okawaru
 14154 | D:9      | Killed a two-headed ogre
 14154 | D:9      | Reached skill level 10 in Short Blades
 14906 | D:10     | Entered Level 10 of the Dungeon
 15297 | D:10     | Found a runed translucent gate.
 15300 | D:10     | Found a runed translucent gate.
 15301 | D:10     | Found a runed translucent gate.
 15301 | D:10     | Noticed p0werm0de's ghost (journeyman OpFi)
 15301 | D:10     | Identified the +9 whip "Lafoy" {pain, rPois rC+ MR+}
 15321 | D:10     | Found a staircase to the Lair.
 16240 | D:10     | Found a hide-covered altar of Uskayaw.
 16543 | D:10     | Reached ***** piety under Okawaru
 16714 | D:10     | Found a staircase to the Orcish Mines.
 16811 | Lair:1   | Entered Level 1 of the Lair of Beasts
 16861 | Lair:1   | Reached XP level 12. HP: 69/79 MP: 12/12
 17090 | Lair:1   | Reached skill level 1 in Armour
 17189 | Lair:1   | meem: I'm meem, an infobot run by MalcolmRoseGaming: Type
                  | !submeem to keep me in your games; !nomeem to shut me up
                  | forever; !meem for help; !whymeem if you want to know why
                  | meem exists. Visit http://youtube.com/malcolmrosegaming for
                  | more DCSS content.
 17340 | Lair:1   | Received a gift from Okawaru
 17693 | Lair:1   | Received a gift from Okawaru
 17764 | Lair:1   | Reached skill level 5 in Armour
 18265 | Lair:1   | Gained mutation: You are clumsy. (Dex -2) [potion of
                  | mutation]
 18267 | Lair:1   | Lost mutation: You are clumsy. (Dex -2) [potion of
                  | mutation]
 18267 | Lair:1   | Gained mutation: You can translocate small distances at
                  | will. [potion of mutation]
 18823 | Lair:2   | Found a staircase to the Shoals.
 19485 | Lair:2   | Received a gift from Okawaru
 19812 | Lair:3   | Found a hole to the Spider Nest.
 19954 | Lair:3   | Received a gift from Okawaru
 19963 | Lair:3   | Reached XP level 13. HP: 64/84 MP: 13/13
 20624 | Lair:3   | Received a gift from Okawaru
 21411 | Lair:4   | Received a gift from Okawaru
 22020 | Lair:4   | Noticed a four-headed hydra
 22033 | Lair:4   | Killed a four-headed hydra
 22033 | Lair:4   | Received a gift from Okawaru
 22305 | Lair:5   | Found a staircase to the Slime Pits.
 22305 | Lair:5   | Found a viscous altar of Jiyva.
 22502 | Lair:5   | Noticed a four-headed hydra
 22520 | Lair:5   | Killed a four-headed hydra
 22654 | Lair:5   | Received a gift from Okawaru
 22834 | Lair:5   | Noticed a catoblepas
 22873 | Lair:5   | Received a gift from Okawaru
 22929 | Lair:5   | Killed a catoblepas
 23131 | Lair:5   | Reached ****** piety under Okawaru
 23256 | Lair:5   | Received a gift from Okawaru
 23350 | Lair:5   | Reached skill level 10 in Armour
 23350 | Lair:5   | Reached XP level 14. HP: 39/90 MP: 14/14
 23365 | Lair:5   | Received a gift from Okawaru
 23366 | Lair:5   | Got a bloodstained helmet {god gift}
 23377 | Lair:5   | Identified the +0 helmet of Cyzeigah {rF+ rC- rN+++ Regen+}
                  | (Okawaru gifted it to you on level 5 of the Lair of Beasts)
 24227 | Lair:6   | Entered Level 6 of the Lair of Beasts
 24986 | Lair:6   | Reached skill level 1 in Invocations
 25677 | Lair:6   | Reached skill level 10 in Stealth
 25953 | Lair:6   | Noticed a dire elephant
 25953 | Lair:6   | Noticed a dire elephant
 25999 | Lair:6   | Killed a dire elephant
 26000 | Lair:6   | Noticed a dire elephant
 26005 | Lair:6   | Killed a dire elephant
 26018 | Lair:6   | Mangled by a dire elephant

Illustrated notes

Levels and vault maps discovered:
D:1:      minmay_arrival_checkered_box, layout_rooms, nrook_mini_backslash
D:2:      layout_rooms, first_ration, st_stairs_1, makhleb_blood_cavern_becter
D:3:      layout_loops_ring, led_sif_book, minmay_between, uniq_jessica
D:4:      layout_loops_ring
D:5:      layout_loops_ring, minivault_14, minmay_misc_feat_chi,
          kennysheep_generic_room_13
D:6:      layout_loops_cross, minmay_temple_entry_crystal_x, basic_altar,
          st_stairs_14
D:7:      layout_loops_ring, grunt_livestock, hangedman_decor_diamond_cutter,
          uniq_maggie
D:8:      layout_rooms, enter_bailey_3, nicolae_ossuary_entry_monument,
          uniq_grum
D:9:      layout_basic, eino_jars
D:10:     layout_rooms, minmay_lair_entry_grove, orc_0_dummy, basic_altar,
          gammafunk_ghost_nasty_kobolds, kennysheep_decorative_pillar,
          st_stairs_5
D:11:     layout_loops_cross
Temple:   grunt_wide_crystal_templ
Lair:1:   layout_gridlike, grunt_forest_large_clearings
Lair:2:   layout_cave_pods, minmay_shoals_entry_lonely_mermaid,
          chequers_serial_rivers_marsh, serial_bayou_ford_a,
          serial_bayou_lagoon_a, beast_lair_carwin_3, lemuel_fruit_tree
Lair:3:   layout_loops_ring, nicolae_spider_entry_tight_spaces, minmay_holes,
          minmay_lair_oklob_chamber, grunt_megastairs_3
Lair:4:   layout_concentric_octagons, eino_house_with_fridge
Lair:5:   beast_lair_carwin_large_4, layout_cave_pods, slime_altar_1,
          minmay_shattered_shrine
Lair:6:   due_jungle_book, layout_cave_pods, serial_bayou_shore_b,
          infiniplex_staircase_pool

Skill      XL: |  1  2  3  4  5  6  7  8  9 10 11 12 13 14 |
---------------+-------------------------------------------+-----
Short Blades   | 1 2 3 4 5 6 7 13 14 | 14.0
Stealth        | 2 3 4 5 6 8 10 | 10.0
Dodging        | 4 5 7 10 11 | 11.7
Fighting       | 2 4 5 6 8 |  8.4
Slings         | 6 8 10 12 14 | 14.0
Armour         | 6 10 | 10.0
Invocations    | 4 |  4.4

Action                   |  1- 3 |  4- 6 |  7- 9 | 10-12 | 13-15 || total
-------------------------+-------+-------+-------+-------+-------++-------
Melee: Short sword       |    59 |   190 |   328 |    86 |       ||   663
       Rapier            |       |       |       |   790 |   661 ||  1451
       Punch             |       |       |       |     2 |     3 ||     5
 Fire: Hunting sling     |     9 |    29 |   388 |   370 |       ||   796
       Fustibalus        |       |       |       |    13 |    61 ||    74
Throw: Throwing net      |       |       |       |       |     1 ||     1
Invok: Heroism           |       |       |       |    14 |    13 ||    27
       Finesse           |       |       |       |       |     1 ||     1
 Abil: Blink             |       |       |       |     1 |       ||     1
Evoke: Wand              |       |       |       |     1 |       ||     1
  Use: Scroll            |       |       |     5 |    13 |     4 ||    22
       Potion            |       |       |       |    15 |     2 ||    17
 Stab: Sleeping          |     4 |     7 |    12 |     9 |    16 ||    48
       Distracted        |       |     1 |       |     1 |     1 ||     3
       Petrifying        |       |       |       |       |     3 ||     3
       Petrified         |       |       |       |       |     3 ||     3
  Eat: Chunk             |       |     7 |    17 |    28 |    16 ||    68
       Ration            |       |       |     2 |     2 |     1 ||     5
Armor: Leather armour    |    13 |    26 |    55 |       |       ||    94
       Steam dragon scal |       |       |    12 |    73 |    49 ||   134
       Scale mail        |       |       |       |    97 |       ||    97
Dodge: Dodged            |    41 |   133 |   285 |   772 |   452 ||  1683

Table legend:
 A = Non-vault XP
 B = Vault XP
 C = Vault XP percentage of total XP
 D = Non-vault monster count
 E = Vault monster count
 F = Vault count percentage of total count
                 A         B        C        D         E       F
            +---------+---------+-------+---------+---------+-------
      Total |   35562 |   23874 |  40.2 |     323 |     121 |  27.3
            +---------+---------+-------+---------+---------+-------
        D:1 |      35 |       0 |   0.0 |      15 |       0 |   0.0
        D:2 |     120 |      42 |  25.9 |      28 |       3 |   9.7
        D:3 |     198 |     135 |  40.5 |      15 |       7 |  31.8
        D:4 |     312 |       0 |   0.0 |      16 |       0 |   0.0
        D:5 |     826 |      13 |   1.5 |      15 |       1 |   6.2
        D:6 |     576 |       3 |   0.5 |      22 |       1 |   4.3
        D:7 |    1806 |    1381 |  43.3 |      29 |       6 |  17.1
        D:8 |    1825 |     444 |  19.6 |      27 |       7 |  20.6
        D:9 |    2689 |     619 |  18.7 |      31 |      10 |  24.4
       D:10 |    2049 |    1801 |  46.8 |      27 |      14 |  34.1
       D:11 |     424 |       0 |   0.0 |       1 |       0 |   0.0
     Lair:1 |    4860 |    2901 |  37.4 |      26 |      25 |  49.0
     Lair:2 |    1603 |    1204 |  42.9 |       8 |       7 |  46.7
     Lair:3 |    2457 |     972 |  28.3 |      12 |       5 |  29.4
     Lair:4 |    4980 |     678 |  12.0 |      15 |       3 |  16.7
     Lair:5 |    2431 |   10919 |  81.8 |       9 |      27 |  75.0
     Lair:6 |    8371 |    2762 |  24.8 |      27 |       5 |  15.6
            +---------+---------+-------+---------+---------+-------
